 Dungeon Crawl Stone Soup version 0.28.0-45-g0d030f2227 (webtiles) character file.

Game seed: 4024543959935515960

108 zeratav the Insei (level 4, -5/29 HPs)
             Began as an Octopode Transmuter on Apr 9, 2022.
             Succumbed to Crazy Yiuf's poison
             ... on level 3 of the Dungeon.
             The game lasted 00:05:19 (3254 turns).

zeratav the Insei (Octopode Transmuter)             Turns: 3254, Time: 00:05:20

Health: -5/29      AC:  2    Str:  9    XL:     4   Next: 87%
Magic:  11/16      EV: 20    Int: 15    God:
Gold:   44         SH:  0    Dex: 19    Spells: 3/7 levels left

rFire   + + .      SeeInvis .     - Unarmed
rCold   . . .      Faith    .   (shield currently unavailable)
rNeg    . . .      Spirit   .   (helmet currently unavailable)
rPois   x          Reflect  .   (no amulet)
rElec   .          Harm     .   f - ring of protection from fire
rCorr   .          Rampage  .   m - ring of magical power
Will    .....                   p - ring of protection from fire
Stlth   ++........              (no ring)
HPRegen 0.09/turn               (no ring)
MPRegen 0.15/turn               (no ring)
                                (no ring)
                                (no ring)

@: lethally poisoned (-5 -> -34), spider-form (expiring)
A: venomous fangs, almost no armour, (amphibious), 8 rings, tiny, (camouflage
1), (gelatinous body 1), (nimble swimmer 1), (tentacles)
a: End Transformation


You were on level 3 of the Dungeon.
You were a venomous arachnid creature.
You visited 1 branch of the dungeon, and saw 3 of its levels.

You collected 44 gold pieces.


Innate Abilities, Weirdness & Mutations

You are a venomous arachnid creature.
You have poisonous fangs.
You are tiny and dextrous.
Your spellcasting is less reliable in this form.
Your armour is entirely melded.
You are incapable of wielding weapons or throwing items.
You cannot wear most types of armour.
((You are amphibious.))
You can wear up to eight rings at the same time.
((Your skin changes colour to match your surroundings (Stealth+).))
((Your rubbery body absorbs attacks. (AC +1, EV +1)))
((You are camouflaged when in or above water. (Stealth+)))
((You have tentacles for arms and can constrict up to eight enemies at once.))


   Skills:
 + Level 2.1 Fighting
 + Level 2.7 Dodging
 + Level 2.5 Stealth
 * Level 4.1 Unarmed Combat
 - Level 2.0 Spellcasting
 - Level 2.0 Transmutations


You had 3 spell levels left.
You knew the following spells:

 Your Spells              Type           Power      Damage    Failure   Level
a - Beastly Appendage     Tmut           14%        N/A       24%         1
b - Spider Form           Tmut/Pois      4%         N/A       63%         3

Your spell library contained the following spells:

 Spells                   Type           Power      Damage    Failure   Level
 Wereblood                Tmut           7%         N/A       32%         2
 Ice Form                 Ice/Tmut       4%         N/A       93%         4

Inventory:

Jewellery
 f - a ring of protection from fire (left front leg)
   (You found it on level 1 of the Dungeon)
 m - a ring of magical power (right front leg)
   (You found it on level 3 of the Dungeon)
 p - a ring of protection from fire (on tentacle)
   (You found it on level 3 of the Dungeon)
Wands
 l - a wand of flame (8)
   (You took it off Ijyb on level 3 of the Dungeon)
Scrolls
 b - a scroll of torment {unknown}
 d - 2 scrolls of amnesia {unknown}
 e - 3 scrolls of blinking {unknown}
 g - a scroll of vulnerability {unknown}
 j - 3 scrolls of identify {unknown}
 k - a scroll of fog {unknown}
 n - 2 scrolls of teleportation {unknown}
 o - a scroll of noise {unknown}
 r - a scroll of magic mapping {unknown}
Potions
 a - 2 potions of resistance {unknown}
 c - a potion of cancellation {unknown}
 h - a potion of mutation {unknown}
 i - a potion of lignification {unknown}
 q - a potion of curing {unknown}

Dungeon Overview and Level Annotations

Branches:
Dungeon (3/15)

Altars:

Annotations:
D:3 Crazy Yiuf

#######.#### #...# #.#
#..........# ... #.#
##..........# #'# #.#
....†.......# ♣♣.♣ #.#
##..........# ♣.♣♣ #.#
............# ♣♣.♣ #.#
########..### ♣g♣♣ #.#
.>.....#..# ♣♣.♣♣ #.#
######.#..# ♣.s.♣♣ #.#
....##.#..# ♣....♣ #.#
....##.#..# #....# #.#
.#####.#..######..######.#
......................>..#
.####.##..#######....#####
....#.##..# ####.#
.##.#.##..# #.#
.##.#.##..# #.#


You could see Crazy Yiuf (extremely poisoned).


Message History

HP[+1] Terence screams, "I'm going to kill you!"
HP[+1]
There is a stone staircase leading down here.
Terence closely misses you.
Casting: Beastly Appendage (safe; 10% risk of failure)
Confirm with . or Enter, or press ? or * to list all spells.
The spell is extremely dangerous to miscast (41% risk of failure)!
Continue anyway?
You miscast Spider Form.
You are very lightly contaminated with residual magic.
Your body is twisted painfully.
Terence misses you.
MP[-3]
You lost 3 mp, and now have 13/16 mp.
Casting: Spider Form (extremely dangerous; 41% risk of failure)
Confirm with . or Enter, or press ? or * to list all spells.
The spell is extremely dangerous to miscast (41% risk of failure)!
Continue anyway?
You turn into a venomous arachnid creature.
Terence completely misses you.
HP[+1] MP[-3]
You lost 3 mp, and now have 10/16 mp.
You hit Terence but do no damage. Terence says, "How do you enjoy it?"
Terence closely misses you.
You hit Terence but do no damage.
Terence is poisoned.
Your transformation is almost over.
Terence closely misses you.
You hit Terence but do no damage.
Terence looks as sick as possible!
Terence closely misses you.
You barely miss Terence. Terence completely misses you.
You hit Terence.
Terence looks as sick as possible!
Terence completely misses you.
MP[+1]
You hit Terence.
Terence looks as sick as possible!
Terence misses you.
You hit Terence.
You kill Terence!
Your Unarmed Combat skill increases to level 4!
Things that are here:
a +0 flail {mace}; a +2 scale mail of cold resistance
There is a stone staircase leading down here.
Things that are here:
a +0 flail {mace}; a +2 scale mail of cold resistance You start resting.
Your transformation has ended.
HP[+1] MP[+1]
You start resting.
Your magical contamination has completely faded away.
HP[+2] MP[+3]
Your hp is fully restored (29).
You regained 3 mp, and now have 15/16 mp.
You start resting.
MP[+1]
Your mp is fully restored (16).
There is a stone staircase leading down here.
You climb downwards.
Level annotation: 1 runed translucent door, Crazy Yiuf
There is a stone staircase leading up here.
You see here an orb of mayhem.
You see here an orb of mayhem.
Crazy Yiuf shouts!
Crazy Yiuf cries, "Powder!
Cholesterol bag sing."
Casting: Spider Form (extremely dangerous; 41% risk of failure)
Confirm with . or Enter, or press ? or * to list all spells.
The spell is extremely dangerous to miscast (41% risk of failure)!
Continue anyway?
You miscast Spider Form.
You are very lightly contaminated with residual magic.
Nothing appears to happen.
MP[-3]
You lost 3 mp, and now have 13/16 mp.
Casting: Spider Form (extremely dangerous; 41% risk of failure)
Confirm with . or Enter, or press ? or * to list all spells.
The spell is extremely dangerous to miscast (41% risk of failure)!
Continue anyway?
You turn into a venomous arachnid creature.
MP[-3]
You lost 3 mp, and now have 10/16 mp.
You open the door. You hit Crazy Yiuf.
Crazy Yiuf is poisoned.
Crazy Yiuf flaps his cloak.
Crazy Yiuf closely misses you.
You hit Crazy Yiuf but do no damage.
Crazy Yiuf looks as sick as possible!
Your transformation is almost over.
Crazy Yiuf closely misses you.
You barely miss Crazy Yiuf. Crazy Yiuf closely misses you.
You hit Crazy Yiuf but do no damage.
Crazy Yiuf looks as sick as possible!
Crazy Yiuf hits you with a +2 quarterstaff of chaos!
Ouch! That really hurt!
* * * LOW HITPOINT WARNING * * *
HP[-16] MP[+1]
You take 16 damage, and now have 13/29 hp.
MASSIVE DAMAGE!! (PAUSE)
Your magical contamination has completely faded away.
HP[+1]
You hit Crazy Yiuf but do no damage.
Crazy Yiuf looks as sick as possible!
Crazy Yiuf grits, "Cake leg blue!"
Crazy Yiuf hits you with a +2 quarterstaff of chaos!
* * * LOW HITPOINT WARNING * * *
You are lethally poisoned!
HP[-13]
You take 13 damage, and now have 1/29 hp.
MASSIVE DAMAGE!! (PAUSE)
You die...

Skill      XL: |  1  2  3  4 |
---------------+-------------+-----
Stealth        | 1 2 |  2.5
Fighting       | 2 |  2.1
Unarmed Combat | 4 |  4.1
Dodging        | |  2.7
Spellcasting   | |  2.0
Transmutations | |  2.0

Action                   |  1- 3 |  4- 6 || total
-------------------------+-------+-------++-------
Melee: Unarmed           |    69 |    35 ||   104
       Constrict         |    18 |     7 ||    25
       Tentacles         |    12 |     6 ||    18
       Kick              |    14 |     5 ||    19
       Punch             |     1 |       ||     1
 Cast: Beastly Appendage |    25 |    11 ||    36
       Spider Form       |       |     2 ||     2
 Stab: Sleeping          |     8 |     1 ||     9
Armor: Skin              |    11 |     2 ||    13
Dodge: Dodged            |    54 |    25 ||    79

Levels and vault maps discovered:
D:1:      sevenhm_arrival_forest_fort_large_1, layout_basic
D:2:      layout_basic, ebering_ecumenical_altar_petrified
D:3:      layout_basic, uniq_crazy_yiuf_cottage, uniq_ijyb, uniq_terence

Notes
Turn   | Place    | Note
-------+----------+-------------------------------------------
     0 | D:1      | zeratav the Octopode Transmuter began the quest for the
                  | Orb.
     0 | D:1      | Reached XP level 1. HP: 13/13 MP: 3/3
     0 | D:1      | magus.rc [v1.9.6]
   248 | D:1      | Reached XP level 2. HP: 12/18 MP: 5/5
   437 | D:1      | Reached skill level 1 in Stealth
  1022 | D:2      | Found a faded altar of an unknown god.
  1238 | D:2      | Reached XP level 3. HP: 21/23 MP: 4/6
  1859 | D:3      | Noticed Ijyb
  1868 | D:3      | Killed Ijyb
  1869 | D:3      | Reached skill level 2 in Stealth
  1869 | D:3      | Reached XP level 4. HP: 22/29 MP: 5/7
  2636 | D:3      | Found a runed translucent door.
  2637 | D:3      | Noticed Crazy Yiuf
  2765 | D:3      | Reached skill level 2 in Fighting
  2784 | D:3      | Noticed Terence
  2796 | D:3      | Learned a level 3 spell: Spider Form
  2803 | D:3      | HP: 1/29 [Terence/+0 flail (8)]
  3078 | D:2      | Killed Terence
  3079 | D:2      | Reached skill level 4 in Unarmed Combat
  3253 | D:3      | HP: 1/29 [Crazy Yiuf/+2 quarterstaff of chaos (13)]
  3254 | D:3      | Succumbed to Crazy Yiuf's poison

Vanquished Creatures
  Ijyb (D:3)
  Terence (D:2)
  An adder (D:3)
  An orc (D:3)
  10 bats
  5 endoplasms
  A giant cockroach (D:3)
  3 goblins
  3 hobgoblins
  A quokka (D:1)
  8 ball pythons
  3 frilled lizards
  6 kobolds
  3 rats
47 creatures vanquished.

Table legend:
 A = Non-vault XP
 B = Vault XP
 C = Vault XP percentage of total XP
 D = Non-vault monster count
 E = Vault monster count
 F = Vault count percentage of total count
                 A         B        C        D         E       F
            +---------+---------+-------+---------+---------+-------
      Total |      79 |      76 |  49.0 |      42 |       5 |  10.6
            +---------+---------+-------+---------+---------+-------
        D:1 |      24 |       4 |  14.3 |      16 |       3 |  15.8
        D:2 |      29 |      36 |  55.4 |      18 |       1 |   5.3
        D:3 |      26 |      36 |  58.1 |       8 |       1 |  11.1
            +---------+---------+-------+---------+---------+-------

Illustrated notes

Table legend:
 A = Kills in this place as a percentage of kills in entire the game.
 B = Kills by you in this place as a percentage of kills by you in the entire game.
 C = Kills by friends in this place as a percentage of kills by friends in the entire game.
 D = Other kills in this place as a percentage of other kills in the entire game.
 E = Experience gained in this place as a percentage of experience gained in the entire game.
 F = Experience gained in this place divided by the number of levels of this place that you have seen.
                   A       B       C       D       E      F
               +-------+-------+-------+-------+-------+----------------------
         Total | 100.0 | 100.0 |   N/A |   N/A | 100.0 |  51.7
       Dungeon | 100.0 | 100.0 |   N/A |   N/A | 100.0 |  51.7
               +-------+-------+-------+-------+-------+----------------------

Table legend: (Time is in decaauts)
 A = Elapsed time spent in this place.
 B = Non-inter-level travel time spent in this place.
 C = Inter-level travel time spent in this place.
 D = Time resting spent in this place.
 E = Time spent auto-exploring this place.
 F = Levels seen in this place.
 G = Mean time per level.
                   A        B        C        D        E       F      G
               +--------+--------+--------+--------+--------+-----+--------+
         Total |   3246 |   3208 |     38 |     29 |   2573 |   3 | 1082.0 |
       Dungeon |   3246 |   3208 |     38 |     29 |   2573 |   3 | 1082.0 |
               +--------+--------+--------+--------+--------+-----+--------+

Top non-repeatable levels by time:
     D:2: 1147 daAuts
     D:3: 1087 daAuts
     D:1: 1011 daAuts
